 Dungeon Crawl Stone Soup version 0.24.0-123-gd5b16e6ec5 (webtiles) character file.

Game seed: 10774894711534406044, levelgen mode: deterministic

498 sanka the Insei (level 6, -3/51 HPs)
             Began as a Draconian Monk on Feb 11, 2020.
             Slain by a wraith (13 damage)
             ... in an ossuary.
             The game lasted 00:08:36 (2779 turns).

sanka the Insei (Draconian Monk)                    Turns: 2779, Time: 00:08:37

Health: -3/51      AC:  6    Str: 12 (13) XL:     6   Next: 94%
Magic:  9/9        EV: 12    Int: 11 (13) God:
Gold:   196        SH:  0    Dex: 14 (15) Spells: 8/9 levels left

rFire    . . .     SeeInvis .     - Unarmed
rCold    . . .     Gourm    .   (no shield)
rNeg     . . .     Faith    .   (armour unavailable)
rPois    .         Spirit   .   (helmet restricted)
rElec    .         Reflect  .   (no cloak)
rCorr    .         Harm     .   (no gloves)
MR       .....                  (no boots)
Stlth    ++........             d - amulet of regeneration
HPRegen  0.57/turn              (no ring)
MPRegen  0.11/turn              (no ring)

@: slowed, drained, very slow
A: unfitting armour, horns 1, clever 1, deterioration 1, cold-blooded, AC +6
a: no special abilities


You were in an ossuary.
You were hungry.

You visited 1 branch of the dungeon, and saw 6 of its levels.
You also visited: Ossuary.

You collected 196 gold pieces.


Innate Abilities, Weirdness & Mutations

Your plain brown scales are hard. (AC +6)
You cannot fit into any form of body armour.
You are cold-blooded and may be slowed by cold attacks.
You have a pair of small horns on your head.
Your mind is acute. (Int +2)
Your body sometimes deteriorates upon taking damage.


   Skills:
 - Level 3.2(2.5) Fighting
 - Level 2.6(1.9) Dodging
 - Level 1.7(1.0) Stealth
 + Level 7.0(6.1) Unarmed Combat
 - Level 2.0(1.3) Spellcasting
 - Level 2.0(1.3) Hexes


You had 8 spell levels left.
You knew the following spells:

 Your Spells              Type           Power        Failure   Level  Hunger
Z - Confusing Touch       Hex            #.....       19%         1    ##.....

Your spell library contained the following spells:

 Spells                   Type           Power        Failure   Level  Hunger
 Confuse                  Hex            #.......     47%         3    ####...
 Gell's Gravitas          Tloc           #.........   67%         3    ####...
 Petrify                  Tmut/Erth      #.......     97%         4    #####..
 Metabolic Englaciation   Hex/Ice        #.........   100%        5    ######.
 Yara's Violent Unravell  Hex/Tmut       #.........   100%        5    ######.

Inventory:

Missiles
 l - 7 poisoned darts (quivered)
Jewellery
 d - an amulet of regeneration (around neck)
Wands
 k - a wand of clouds (5)
Scrolls
 b - 2 scrolls of remove curse {unknown}
 c - 5 scrolls of identify {unknown}
 e - 2 scrolls of blinking {unknown}
 f - 4 scrolls of magic mapping {unknown}
 g - a scroll of immolation {unknown}
 h - a scroll of enchant weapon {unknown}
 n - 4 scrolls of teleportation {unknown}
 o - a scroll of fear {unknown}
 q - a scroll of amnesia {unknown}
Potions
 i - 4 potions of mutation {!q}
 m - a potion of brilliance {unknown}
 p - a potion of cancellation {unknown}
 r - a potion of degeneration {unknown}
 s - a potion of flight {unknown}
Comestibles
 a - 5 rations

Dungeon Overview and Level Annotations

Branches:
Dungeon (6/15)            Ossuary (1/1)
 Temple: D:4-7

Altars:
Ashenzari
Dithmenos
Gozag
Makhleb
Nemelex Xobeh

Shops:
D:4 *

Annotations:
D:4 1 runed translucent door, Crazy Yiuf
D:5 Menkaure

▒.▒▒▒.▒▒▒.▒▒▒.▒
▒.............▒
▒.............▒
▒.▒▒▒.../.▒▒▒.▒
▒.▒z▒.....▒ ▒.▒
▒.▒▒▒.....▒▒▒.▒
▒.............▒
▒.............▒
▒.▒▒▒.▒▒▒.▒▒▒d▒
▒ ▒.▒ ▒.▒.▒W▒
▒▒.▒▒▒.▒▒'.▒
............▒
▒▒▒▒▒▒▒▒▒▒▒▒▒


You could see a wraith.


Message History

The wraith hits you!
* * * LOW HITPOINT WARNING * * *
The wraith drains your vigour!
You feel as though you will be slow longer.
You punch the wraith!
The wraith is heavily damaged.
The wraith hits you.
* * * LOW HITPOINT WARNING * * *
The wraith drains your vigour!
You feel as though you will be slow longer.
The wraith closely misses you.
You hit the wraith but do no damage.
The wraith is heavily damaged.
You punch the wraith!
You tail-slap the wraith, but do no damage.
The wraith is severely damaged.
You barely miss the wraith.
The wraith is severely damaged.
The wraith seems less confused.
The wraith hits you.
* * * LOW HITPOINT WARNING * * *
You hit the wraith but do no damage.
You headbutt the wraith, but do no damage.
You tail-slap the wraith. You punch the wraith, but do no damage.
The wraith is almost destroyed.
The wraith hits you!
* * * LOW HITPOINT WARNING * * *
The wraith hits you!
You die...

Action                   |  1- 3 |  4- 6 || total
-------------------------+-------+-------++-------
Melee: Unarmed           |   121 |   254 ||   375
       Tailslap          |    12 |    31 ||    43
       Punch             |     4 |     8 ||    12
       Headbutt          |       |    18 ||    18
 Cast: Confusing Touch   |     2 |     2 ||     4
  Use: Potion            |       |     5 ||     5
 Stab: Sleeping          |     6 |     5 ||    11
       Confused          |       |     1 ||     1
  Eat: Chunk             |       |     6 ||     6
Armor: Skin              |    36 |    55 ||    91
Dodge: Dodged            |   118 |   182 ||   300

Levels and vault maps discovered:
D:1:      dpeg_arrival_arbitrary_a, layout_basic
D:2:      layout_rooms
D:3:      layout_basic, grunt_temple_overflow_opulence, evilmike_ruin_ashenzari,
          grunt_dithmenos_smoke_and_mirrors
D:4:      layout_rooms, serial_shops, shop, nicolae_ossuary_entry_plus,
          uniq_crazy_yiuf_cottage
D:5:      layout_loops_ring, kennysheep_mini, minmay_temple_entry_butterflies,
          serial_shops, shop, first_ration, minmay_misc_feat_nine_boxes,
          cheibrodos_worm_habitat, uniq_pikel, uniq_menkaure
D:6:      layout_cave_pods, basic_altar, minivault_5, uniq_grinder
Ossuary:  ossuary_due_cavern

Notes
Turn   | Place    | Note
-------+----------+-------------------------------------------
     0 | D:1      | sanka the Draconian Monk began the quest for the Orb.
     0 | D:1      | Reached XP level 1. HP: 19/19 MP: 1/1
    96 | D:1      | Reached XP level 2. HP: 26/26 MP: 2/2
   256 | D:1      | Reached skill level 4 in Unarmed Combat
   332 | D:1      | Reached XP level 3. HP: 31/31 MP: 3/3
   711 | D:2      | Learned a level 1 spell: Confusing Touch
   823 | D:2      | Reached XP level 4. HP: 32/38 MP: 2/4
  1135 | D:3      | Found an opulent altar of Gozag.
  1136 | D:3      | Found a sparkling altar of Nemelex Xobeh.
  1179 | D:3      | Found a shadowy altar of Dithmenos.
  1244 | D:3      | Reached skill level 5 in Unarmed Combat
  1349 | D:3      | Reached skill level 1 in Hexes
  1357 | D:3      | Reached skill level 1 in Spellcasting
  1363 | D:3      | Reached XP level 5. HP: 23/45 MP: 6/6
  1786 | D:3      | Found a shattered altar of Ashenzari.
  2003 | D:6      | Noticed an ice beast
  2046 | D:5      | Entered Level 5 of the Dungeon
  2046 | D:5      | Noticed a hippogriff
  2066 | D:5      | Noticed Menkaure
  2070 | D:5      | Found a burning altar of Makhleb.
  2108 | D:4      | Gained mutation: Your mind is acute. (Int +2) [potion of
                  | mutation]
  2108 | D:4      | Gained mutation: Your body sometimes deteriorates upon
                  | taking damage. [potion of mutation]
  2108 | D:4      | Gained mutation: You have a pair of small horns on your
                  | head. [potion of mutation]
  2115 | D:4      | Reached skill level 2 in Spellcasting
  2115 | D:4      | Reached skill level 2 in Hexes
  2163 | D:4      | Found Nakkagyz's Assorted Antiques.
  2179 | D:4      | Reached XP level 6. HP: 50/51 MP: 9/9
  2330 | D:4      | Reached skill level 6 in Unarmed Combat
  2358 | D:4      | Found a runed translucent door.
  2371 | D:4      | Noticed Crazy Yiuf
  2540 | D:4      | Found a sand-covered staircase.
  2555 | Ossuary  | Entered an ossuary
  2624 | Ossuary  | Reached skill level 7 in Unarmed Combat
  2717 | Ossuary  | Noticed a flying skull
  2717 | Ossuary  | Noticed a wraith
  2726 | Ossuary  | Noticed a flying skull
  2757 | Ossuary  | Noticed a wraith
  2779 | Ossuary  | Slain by a wraith

Vanquished Creatures
  A phantom (D:4)
  A scorpion (D:4)
  A wight (Ossuary)
  3 orc priests (D:3)
  3 worker ants
  A gnoll (D:4)
  6 adders
  3 leopard geckos
  13 orcs
  3 ball pythons
  11 bats
  3 giant cockroaches
  10 goblins
  6 hobgoblins
  5 jackals
  A quokka (D:2)
  2 ball python skeletons (Ossuary)
  3 frilled lizards
  2 hobgoblin zombies (Ossuary)
  4 kobolds
  A kobold zombie (Ossuary)
  A leopard gecko skeleton (D:4)
  An orc skeleton (Ossuary)
  2 orc zombies (Ossuary)
  7 rats
94 creatures vanquished.
